 Dungeon Crawl Stone Soup version 0.31-a0-675-g238779eb0a (webtiles) character file.

Game seed: 6637850983460924856

68525 Joey1 the Severer (level 14, -3/140 HPs)
             Began as a Minotaur Berserker on Sept 5, 2023.
             Was a High Priest of Trog.
             Slain by a caustic shrike simulacrum (36 damage)
             ... in an ice cave.
             The game lasted 01:02:30 (18064 turns).

Joey1 the Severer (Minotaur Berserker)             Turns: 18064, Time: 01:02:31

Health: -3/140     AC: 24    Str: 42    XL:     14   Next: 87%
Magic:  13/13      EV: 11    Int:  4    God:    Trog [*****.]
Gold:   1028       SH: 10    Dex: 12    Spells: 13/13 levels left

rFire   + . .        p - +16 consecrated labrys {holy, Valiant Fragile Fly SInv}
rCold   . . .        a - +0 buckler
rNeg    + . .        S - +6 plate armour "Iwuotz" {-Cast Str+6}
rPois   +            s - +0 hat of Lethargy {rPois Str+6}
rElec   .            n - +0 cloak
rCorr   .            I - +0 pair of gloves
SInv    +            y - +1 pair of boots of Rationality {Str+5}
Will    +....        Q - amulet of reflection Stlth
                     i - ring of positive energy
HPRegen 0.43/turn    t - ring of protection from fire
MPRegen 0.13/turn

%: no spellcasting, reflection
@: flying, slowed, very slow
A: horns 2, retaliatory headbutt
a: Renounce Religion, Berserk, Trog's Hand, Brothers in Arms


You were in an ice cave.
You worshipped Trog.
Trog was extremely pleased with you.
You visited 3 branches of the dungeon, and saw 18 of its levels.
You also visited: Ice Cave.

You collected 1172 gold pieces.
You spent 144 gold pieces at shops.

Inventory:

Hand Weapons
 p - the +16 consecrated labrys (weapon) {holy, Valiant Fragile Fly SInv}
   (You found it on level 1 of the Lair of Beasts)

   Valiant:   It becomes more powerful as more dangerous foes come into view.
   SInv:      It lets you see invisible.
   Fly:       It grants you flight.
   Fragile:   It will be destroyed if unequipped.
 v - a +5 vampiric spear
 C - a +0 heavy broad axe
 L - a +5 war axe
Missiles
 h - 25 poisoned darts
 H - 2 throwing nets
 R - 10 curare-tipped darts
 Y - 2 javelins
Armour
 a - a +0 buckler (worn)
 e - a +2 chain mail of fire resistance
 n - a +0 cloak (worn)
 s - the +0 hat of Lethargy (worn) {rPois Str+6}
   (You found it in an ice cave)

   Str+6:     It affects your strength (+6).
   rPois:     It protects you from poison
 y - the +1 pair of boots of Rationality (worn) {Str+5}
   (You found it on level 4 of the Dungeon)

   Str+5:     It affects your strength (+5).
 I - a +0 pair of gloves (worn)
 K - a +1 plate armour of positive energy
 S - the +6 plate armour "Iwuotz" (worn) {-Cast Str+6}
   (You found it on level 9 of the Dungeon)

   Str+6:     It affects your strength (+6).
   -Cast:     It prevents spellcasting.
Jewellery
 i - a ring of positive energy (left hand)
 t - a ring of protection from fire (right hand)
 E - a ring of protection from fire
 M - a ring of flight
 N - an amulet of guardian spirit
 Q - an amulet of reflection (around neck)
 T - a +4 ring of protection
Wands
 b - a wand of roots (1)
 o - a wand of charming (26)
 F - a wand of flame (37)
 P - a wand of mindburst (6)
 X - a wand of polymorph (11)
Scrolls
 c - 4 scrolls of enchant weapon
 f - a scroll of silence
 k - 4 scrolls of poison
 l - 3 scrolls of vulnerability
 q - a scroll of noise
 A - a scroll of blinking
 B - a scroll of revelation
 D - 9 scrolls of teleportation {unknown}
 V - 2 scrolls of immolation {unknown}
Potions
 d - 3 potions of invisibility
 g - 5 potions of degeneration
 j - 5 potions of haste
 m - 7 potions of heal wounds
 r - 5 potions of curing
 u - 3 potions of might
 x - a potion of brilliance
 z - 2 potions of attraction {unknown}
 G - a potion of cancellation
 J - 2 potions of lignification
 O - 3 potions of mutation
 U - 2 potions of ambrosia {unknown}
 W - 2 potions of enlightenment
 Z - 2 potions of magic {unknown}
Miscellaneous
 w - a tin of tremorstones (2/2)


   Skills:
 - Level 17.0 Fighting
 - Level 18.0 Axes
 - Level 7.0 Armour
 - Level 8.0 Dodging
 - Level 7.0 Shields
 + Level 12.6 Evocations


You had 13 spell levels left.
You didn't know any spells.
Your spell library was empty.

Dungeon Overview and Level Annotations

Branches:
Dungeon (11/15)            Temple (0/1) D:5            Lair (5/5) D:10
  Swamp (2/4) Lair:2        Snake (0/4) Lair:3        Slime (0/5) Lair:4
  IceCv (1/1)
    Orc: D:9-12

Altars:
Elyvilon
Hepliaklqana
Okawaru
Qazlal
The Shining One
Jiyva

Shops:
D:2 =   D:5 *   D:6 !   D:7 *


Innate Abilities, Weirdness & Mutations

You have a pair of horns on your head.
You reflexively headbutt those who attack you in melee.


Message History

Trog accepts your kill.
A deep troll simulacrum comes into view.
You slice the freezing wraith!!
The freezing wraith convulses!
You destroy the freezing wraith!
Trog accepts your kill.
You hit the freezing wraith but do no damage.
You slash the freezing wraith!
The freezing wraith convulses!
The freezing wraith is severely damaged.
The freezing wraith hits you! The freezing wraith freezes you!!
The freezing wraith hits you! The freezing wraith drains your vigour!
You feel yourself slow down.
A caustic shrike simulacrum comes into view.
You block the reaper's attack.
The freezing wraith hits you but does no damage. x2
The freezing wraith hits you! The freezing wraith freezes you!
The freezing wraith hits you. You block the reaper's attack.
You slice the reaper!!
The reaper convulses!
You headbutt the reaper, but do no damage.
The reaper is heavily wounded.
You closely miss the freezing wraith. You slash the deep troll simulacrum!
The deep troll simulacrum convulses!!
The deep troll simulacrum vaporises!
Trog accepts your kill.
The caustic shrike simulacrum claws you!
The caustic shrike simulacrum freezes you!!
* * * LOW HITPOINT WARNING * * *
You block the reaper's attack. The freezing wraith barely misses you.
You furiously retaliate!
You headbutt the freezing wraith.
The freezing wraith hits you but does no damage.
A reaper comes into view.
It is wielding a +0 scythe of freezing and wearing a +0 robe of cold resistance.
You slice the reaper!!
The reaper convulses!!
You kill the reaper!
Trog accepts your kill.
You hit the freezing wraith.
The freezing wraith convulses.
You slice the caustic shrike simulacrum!!
The caustic shrike simulacrum convulses!
The caustic shrike simulacrum claws you.
* * * LOW HITPOINT WARNING * * *
The caustic shrike simulacrum freezes you!!!
You die...

.○#§§§# #...###.##
..○§§#☼###..####..# #
#.#..°..#..##).#..## #.
#.##.....)##...##..#
...#..###....##.(..#..##
........#...###....##..#
.......#...# ##....#..#
.####...#...# ##.#.##..#
......)@....# #..###...#
2.....Z.W#..# #...##..##
#..#.#..##.## #.......#
# # ##.#..# #..#...##
#....# #..#..## ##..##
##..#### . #..## .#
##...# #...##


You could see a reaper, a freezing wraith and a caustic shrike simulacrum.

Vanquished Creatures
  Mlioglotl (Swamp:2)
  A reaper (IceCv)
  A bunyip (Swamp:1)
  An ettin (Lair:5)
  3 hydras
  Erica (D:10)
  A catoblepas (Lair:2)
  A caustic shrike simulacrum (IceCv)
  2 boulder beetles
  3 two-headed ogres
  The ghost of elmdor the Basher, a journeyman GrFi of Makhleb (Lair:1)
  Amaemon (D:11)
  A spriggan (Swamp:1)
  3 skysharks (Lair:5)
  3 spriggan simulacra (IceCv)
  2 goliath frogs
  An orange crystal statue (IceCv)
  An obsidian statue (IceCv)
  2 bog bodies
  A cyclops (D:11)
  6 black mambas
  6 elephants (Lair:5)
  Maurice (D:10)
  An orange demon (D:11)
  17 cane toads
  4 rime drakes
  A torpor snail (Lair:5)
  7 freezing wraiths (IceCv)
  2 unseen horrors
  4 kobold demonologists
  5 ice devils (IceCv)
  2 anaconda simulacra (IceCv)
  6 komodo dragons
  2 hornets
  2 trolls
  5 tyrant leeches
  A polar bear (Lair:4)
  26 blink frogs
  15 dream sheep
  5 slime creatures (D:10)
  A shadow (D:10)
  3 wyverns
  58 yaks
  2 vampires
  3 wraiths
  Eustachio (D:6)
  A basilisk (Lair:1)
  10 vampire mosquitoes
  2 minotaur simulacra (IceCv)
  A harpy simulacrum (IceCv)
  6 swamp worms
  An acid dragon (D:11)
  A swamp drake (Swamp:1)
  18 water moccasins
  4 orc warriors
  A black bear (Lair:1)
  3 sky beasts
  An ice beast (D:8)
  2 ogres (D:5)
  9 wolves
  3 centaurs
  3 kobold brigands
  2 gnoll sergeants
  16 bullfrogs
  A scorpion (D:6)
  3 deep troll simulacra (IceCv)
  14 wights
  13 killer bees
  7 electric eels
  7 howler monkeys
  A gnoll bouda (D:6)
  9 orc priests
  10 hounds
  A jelly (D:8)
  An iguana (D:7)
  Ijyb (D:3)
  10 orc wizards
  Robin (D:4)
  18 gnolls
  3 adders
  2 shadow imps
  A white imp (D:5)
  An ufetubus (D:6)
  A worm (D:2)
  5 dart slugs
  56 orcs
  3 bats
  6 endoplasms
  15 goblins
  6 hobgoblins
  5 jackals
  10 kobolds
  3 quokkas (D:3)
  6 ball pythons
  2 frilled lizards (D:2)
  5 rats
528 creatures vanquished.

Vanquished Creatures (collateral kills)
  An eleionoma (Swamp:1)
  A hydra (Swamp:1)
  An alligator (Swamp:1)
  A bog body (Swamp:2)
  An ice statue (Swamp:2)
  3 swamp worms
  3 electric eels (Lair:2)
11 creatures vanquished.

Vanquished Creatures (others)
  A bloated husk (Swamp:1)
1 creature vanquished.

Grand Total: 540 creatures vanquished

Notes
Turn   | Place    | Note
-------+----------+-------------------------------------------
     0 | D:1      | Joey1 the Minotaur Berserker began the quest for the Orb.
     0 | D:1      | Reached XP level 1. HP: 19/19 MP: 0/0
   456 | D:1      | Reached XP level 2. HP: 27/27 MP: 1/1
   941 | D:2      | Reached skill level 4 in Axes
   983 | D:2      | Found a faded altar of an unknown god.
   986 | D:2      | Reached XP level 3. HP: 33/33 MP: 2/2
   992 | D:2      | Reached ** piety under Trog
  1367 | D:2      | Found a stormy altar of Qazlal.
  1375 | D:2      | Found Qifeir's Jewellery Emporium.
  1524 | D:3      | Reached XP level 4. HP: 30/41 MP: 3/3
  1674 | D:3      | Found an iron altar of Okawaru.
  1699 | D:3      | Reached XP level 5. HP: 32/47 MP: 4/4
  1890 | D:3      | Reached *** piety under Trog
  2086 | D:3      | Noticed Ijyb
  2094 | D:3      | Killed Ijyb
  2095 | D:3      | Reached skill level 5 in Fighting
  2095 | D:3      | Reached skill level 5 in Axes
  2454 | D:4      | Noticed Robin
  2478 | D:4      | Killed Robin
  2565 | D:4      | Reached XP level 6. HP: 56/56 MP: 5/5
  2844 | D:4      | Identified the +1 pair of boots of Rationality {Str+5}
  3234 | D:5      | Entered Level 5 of the Dungeon
  3257 | D:5      | Reached skill level 6 in Axes
  3257 | D:5      | Reached skill level 5 in Dodging
  3260 | D:4      | Reached XP level 7. HP: 21/61 MP: 6/6
  3472 | D:4      | Reached skill level 7 in Axes
  3609 | D:5      | Found Dudeoxt's Gadget Gallery.
  3779 | D:5      | Reached **** piety under Trog
  3782 | D:5      | Reached skill level 8 in Axes
  4014 | D:5      | Found a staircase to the Ecumenical Temple.
  4381 | D:5      | Reached skill level 9 in Axes
  4409 | D:6      | Reached XP level 8. HP: 59/68 MP: 7/7
  4437 | D:6      | Reached skill level 10 in Axes
  4789 | D:6      | Reached skill level 11 in Axes
  4957 | D:6      | Found Qotiahex's Distillery.
  4962 | D:6      | Bought a potion of might for 48 gold pieces
  4962 | D:6      | Bought a potion of lignification for 36 gold pieces
  4962 | D:6      | Bought a potion of heal wounds for 60 gold pieces
  5109 | D:6      | Found a glowing golden altar of the Shining One.
  5155 | D:6      | Noticed Eustachio
  5163 | D:6      | Killed Eustachio
  5384 | D:7      | Reached skill level 12 in Axes
  5514 | D:7      | Found Huloun Tewa's General Store.
  5589 | D:6      | Reached XP level 9. HP: 72/74 MP: 8/8
  5649 | D:7      | Reached skill level 13 in Axes
  5740 | D:7      | Reached ***** piety under Trog
  6086 | D:8      | Received a gift from Trog
  6159 | D:8      | Identified the +8 falchion "Jivveemm" {drain, rF+ rCorr
                  | Str+4 Int-5}
  6322 | D:8      | Reached skill level 14 in Axes
  6432 | D:8      | Noticed a two-headed ogre
  6443 | D:8      | Killed a two-headed ogre
  6444 | D:8      | Reached skill level 15 in Axes
  6620 | D:8      | Reached XP level 10. HP: 81/81 MP: 9/9
  7009 | D:9      | Found a white marble altar of Elyvilon.
  7017 | D:9      | Noticed a two-headed ogre
  7025 | D:9      | Reached skill level 16 in Axes
  7031 | D:9      | Killed a two-headed ogre
  7337 | D:9      | Reached skill level 10 in Fighting
  7395 | D:9      | Identified the +6 plate armour "Iwuotz" {-Cast Str+6}
  7661 | D:9      | Reached skill level 5 in Armour
  7846 | D:9      | Found a hazy altar of Hepliaklqana.
  7978 | D:9      | Reached XP level 11. HP: 99/99 MP: 10/10
  8162 | D:10     | Entered Level 10 of the Dungeon
  8290 | D:10     | Noticed Erica
  8296 | D:10     | Killed Erica
  8493 | D:10     | Found a staircase to the Lair.
  8873 | D:10     | Received a gift from Trog
  8970 | D:10     | Noticed a soul eater
  8974 | D:10     | Noticed a soul eater
  9018 | D:10     | Reached skill level 17 in Axes
  9507 | D:10     | Noticed Maurice
  9512 | D:10     | Killed Maurice
  9885 | D:11     | Reached skill level 18 in Axes
 10134 | D:11     | Noticed a two-headed ogre
 10144 | D:11     | Killed a two-headed ogre
 10229 | D:11     | Noticed Amaemon
 10238 | D:11     | Killed Amaemon
 10239 | D:11     | Reached XP level 12. HP: 110/110 MP: 11/11
 10768 | Lair:1   | Entered Level 1 of the Lair of Beasts
 10812 | Lair:1   | Found a runed translucent door.
 10831 | Lair:1   | Reached skill level 1 in Shields
 10964 | Lair:1   | Reached skill level 5 in Shields
 10975 | Lair:1   | Upgraded the game from 0.31-a0-672-g7da72447bb to
                  | 0.31-a0-675-g238779eb0a
 11318 | Lair:1   | Reached skill level 1 in Evocations
 11564 | Lair:1   | Noticed elmdor's ghost (journeyman GrFi)
 11564 | Lair:1   | Found the +4 consecrated labrys {holy, Valiant Fragile Fly
                  | SInv}
 11573 | Lair:1   | Killed elmdor's ghost
 11698 | Lair:2   | Found a staircase to the Swamp.
 11808 | Lair:2   | Noticed a catoblepas
 11817 | Lair:2   | Killed a catoblepas
 11942 | Lair:2   | Noticed a boulder beetle
 11947 | Lair:2   | Killed a boulder beetle
 11948 | Lair:2   | Reached skill level 5 in Evocations
 12031 | Lair:2   | Received a gift from Trog
 12050 | Lair:2   | Reached XP level 13. HP: 110/122 MP: 12/12
 13097 | Lair:3   | Found a staircase to the Snake Pit.
 13880 | Lair:4   | Found a viscous altar of Jiyva.
 13880 | Lair:4   | Found a staircase to the Slime Pits.
 14629 | Lair:5   | Entered Level 5 of the Lair of Beasts
 14844 | Lair:5   | Reached skill level 10 in Evocations
 15238 | Lair:5   | Reached skill level 15 in Fighting
 15354 | Lair:5   | Received a gift from Trog
 15355 | Lair:5   | Reached XP level 14. HP: 135/135 MP: 13/13
 15453 | Lair:5   | Identified the +4 ring mail of Proximity {-Tele rC+++ Dex-5
                  | SInv}
 16651 | Swamp:1  | Entered Level 1 of the Swamp
 17296 | Swamp:2  | Noticed Mlioglotl
 17302 | Swamp:2  | Noticed an Executioner
 17311 | Swamp:2  | Killed Mlioglotl
 17349 | Swamp:2  | Found a frozen archway.
 17360 | IceCv    | Entered an ice cave
 17964 | IceCv    | Identified the +0 hat of Lethargy {rPois Str+6}
 18046 | IceCv    | Identified the +13 battleaxe of Mysticism {heavy, Str+6}
                  | (Trog gifted it to you in an ice cave)
 18046 | IceCv    | Received a gift from Trog
 18054 | IceCv    | Noticed a reaper
 18063 | IceCv    | Noticed a reaper
 18064 | IceCv    | Killed a reaper
 18064 | IceCv    | Slain by a caustic shrike simulacrum

Illustrated notes

Levels and vault maps discovered:
D:1:      matt_arrival_spirals, layout_basic, grunt_decor_junction
D:2:      layout_rooms, serial_shops, shop, hellmonk_ecumenical_altar_zigzags,
          serial_curves, eino_curves_04, eino_curves_04, basic_altar,
          minmay_misc_feat_four_crosses
D:3:      layout_loops_cross, okawaru_metal_pillars_1_2,
          nicolae_figureground_pulse, uniq_ijyb
D:4:      layout_basic, minmay_small_thing, uniq_robin
D:5:      layout_gridville, minmay_temple_entry_hall, st_stairs_11,
          nicolae_shop_gadgets
D:6:      layout_cave_pools, old_standard_altar, serial_shops,
          kennysheep_little_box, uniq_eustachio
D:7:      layout_rooms, serial_shops, nicolae_diamond_shop,
          chequers_serial_rivers_room_a
D:8:      layout_basic
D:9:      kennysheep_ambush_hall, layout_basic, mainiacjoe_overflow_alcove_1,
          mainiacjoe_overflow_cross_hatched, hangedman_decor_riveting
D:10:     layout_grid_maze, erik_lair_island, grunt_potential, uniq_erica,
          uniq_maurice, uniq_psyche
D:11:     layout_long_grid, uniq_amaemon
Lair:1:   layout_regular_city, ebering_ghost_reflecting_pool,
          grunt_megastairs_3, infiniplex_staircase_pool_2
Lair:2:   layout_regular_city, minmay_swamp_entry_eels, grunt_megastairs_2
Lair:3:   layout_cave_pods, minmay_snake_entry_six_corridors
Lair:4:   layout_roguey, slime_entry_1
Lair:5:   minmay_lair_end_frog_pond, layout_big_grid, minmay_stone_trees_medium
Swamp:1:  layout_basic_swamp, evilmike_swamp_ruin_house_5
Swamp:2:  layout_basic_swamp, portal_ice_cave_entry_ice_statue_one,
          evilmike_swamp_ruin_house_3, uniq_mlioglotl
IceCv:    ice_cave_small_demon

Skill      XL: |  1  2  3  4  5  6  7  8  9 10 11 12 13 14 |
---------------+-------------------------------------------+-----
Fighting       | 4 5 10 11 13 15 17 | 17.0
Axes           | 4 5 6 9 12 15 16 18 | 18.0
Armour         | 3 4 5 7 |  7.0
Dodging        | 3 4 5 6 8 |  8.0
Shields        | 7 |  7.0
Evocations     | 6 10 12 | 12.6

Action                     |  1- 3 |  4- 6 |  7- 9 | 10-12 | 13-15 || total
---------------------------+-------+-------+-------+-------+-------++-------
  Melee: Hand axe          |    81 |   120 |   186 |       |       ||   387
         Headbutt          |    15 |    18 |    56 |   107 |    77 ||   273
         Punch             |     1 |       |     2 |     3 |       ||     6
         War axe           |       |       |    74 |   413 |       ||   487
         Unarmed           |       |       |       |     1 |       ||     1
         Labrys            |       |       |       |    61 |   391 ||   452
 Invoke: Berserk           |       |     3 |     3 |     4 |       ||    10
         Trog's Hand       |       |       |     1 |     2 |     2 ||     5
         Brothers in Arms  |       |       |       |       |     3 ||     3
  Evoke: Wand              |       |       |       |       |    19 ||    19
    Use: Scroll            |       |       |     8 |     2 |     8 ||    18
         Potion            |       |       |       |       |     1 ||     1
 Armour: Chain mail        |    63 |    93 |   123 |       |       ||   279
         Plate armour      |       |       |    58 |   295 |   270 ||   623
         Skin              |       |       |       |     3 |       ||     3
  Dodge: Dodged            |    45 |    61 |    83 |   126 |   111 ||   426
  Block: Other             |       |       |       |    54 |       ||    54
         Reflection        |       |       |       |     6 |     1 ||     7
         Buckler           |       |       |       |    46 |   148 ||   194

Table legend: (Time is in decaauts)
 A = Elapsed time spent in this place.
 B = Non-inter-level travel time spent in this place.
 C = Inter-level travel time spent in this place.
 D = Time resting spent in this place.
 E = Time spent auto-exploring this place.
 F = Levels seen in this place.
 G = Mean time per level.
                   A        B        C        D        E       F      G
               +--------+--------+--------+--------+--------+-----+--------+
         Total |  17889 |  17103 |    786 |   2643 |  11269 |  19 |  941.5 |
       Dungeon |  10719 |  10136 |    583 |   1454 |   6664 |  11 |  974.5 |
          Lair |   5768 |   5577 |    191 |    665 |   4004 |   5 | 1153.6 |
         Swamp |    709 |    698 |     11 |      0 |    549 |   2 |  354.5 |
      Ice Cave |    692 |    692 |      0 |    524 |     52 |   1 |  692.0 |
               +--------+--------+--------+--------+--------+-----+--------+

Top non-repeatable levels by time:
    D:10: 1588 daAuts
  Lair:2: 1570 daAuts
  Lair:5: 1300 daAuts
     D:9: 1220 daAuts
     D:4: 1195 daAuts
  Lair:4: 1079 daAuts
     D:5: 1050 daAuts
     D:8: 1027 daAuts
     D:1: 934 daAuts
  Lair:3: 912 daAuts
  Lair:1: 905 daAuts
     D:3: 904 daAuts
    D:11: 888 daAuts
     D:6: 805 daAuts
   IceCv: 692 daAuts
